 Dungeon Crawl Stone Soup version 0.22.1-2-g9c5b331 (webtiles) character file.

412 delarado the Firebug (level 6, -2/32 HPs)
             Began as a Deep Elf Fire Elementalist on Dec 10, 2018.
             Was an Initiate of Vehumet.
             Shot with an arrow by a centaur (13 damage)
             ... on level 5 of the Dungeon.
             The game lasted 00:16:19 (4486 turns).

delarado the Firebug (Deep Elf Fire Elementalist)   Turns: 4486, Time: 00:16:21

Health: -2/32      AC:  3    Str:  5    XL:     6   Next: 59%
Magic:  12/12      EV: 13    Int: 22    God:    Vehumet [......]
Gold:   204        SH:  0    Dex: 15    Spells: 3/11 levels left

rFire    + + .     SeeInvis .   s - staff of fire
rCold    . . .     Gourm    .   (no shield)
rNeg     . . .     Faith    .   a - +0 robe
rPois    .         Spirit   .   (no helmet)
rElec    .         Reflect  .   (no cloak)
rCorr    .         Harm     .   l - +0 pair of gloves
MR       .....                  (no boots)
Stlth    ++........             (no amulet)
HPRegen  0.10/turn              e - ring of protection from fire
MPRegen  0.13/turn              (no ring)

@: no status effects
A: no striking features
a: Renounce Religion


You were on level 5 of the Dungeon.
You worshipped Vehumet.
Vehumet was noncommittal.
You were not hungry.

You visited 1 branch of the dungeon, and saw 5 of its levels.

You collected 204 gold pieces.

Inventory:

Hand Weapons
 b - a +6 whip of draining
 k - a +0 hunting sling
Missiles
 i - 139 stones (quivered)
 o - 19 sling bullets
Armour
 a - a +0 robe (worn)
 l - a +0 pair of gloves (worn)
Magical Staves
 s - an uncursed staff of fire (weapon)
Jewellery
 e - a ring of protection from fire (left hand)
Scrolls
 g - 3 scrolls of teleportation {unknown}
 h - 4 scrolls of remove curse
 j - a scroll of random uselessness {unknown}
 m - 3 scrolls of amnesia {unknown}
 n - 4 scrolls of fog
 q - a scroll of magic mapping {unknown}
Potions
 d - a potion of mutation {unknown}
 f - a potion of lignification
 p - a potion of haste
 r - a potion of brilliance {unknown}
 t - a potion of flight {unknown}
 u - a potion of magic {unknown}
Comestibles
 c - 5 rations
 v - 2 chunks of flesh


   Skills:
 - Level 2.4 Dodging
 - Level 2.4 Stealth
 - Level 3.0 Spellcasting
 + Level 5.3 Conjurations
 + Level 6.2 Fire Magic


You had 3 spell levels left.
You knew the following spells:

 Your Spells              Type           Power        Failure   Level  Hunger
a - Flame Tongue          Conj/Fire      #####        1%          1    None
b - Conjure Flame         Conj/Fire      #####...     3%          3    ###....
c - Sticky Flame          Conj/Fire      #####...     12%         4    ####...

Your spell library contained the following spells:

 Spells                   Type           Power        Failure   Level  Hunger
 Throw Flame              Conj/Fire      #####.       1%          2    ##.....
 Inner Flame              Hex/Fire       ####....     11%         3    ###....
 Fireball                 Conj/Fire      #####.....   32%         5    ######.


Dungeon Overview and Level Annotations

Branches:
Dungeon (5/15)
 Temple: D:4-7

Altars:
Cheibriados
Fedhas
Gozag
Hepliaklqana
Vehumet
Wu Jian
Xom
Yredelemnul

Annotations:
D:4 2 runed doors, Eustachio; mimixer's ghost, novice MiGl
D:5 2 transporters, buskinjo's ghost, novice OpSk


Message History

v - 2 chunks of flesh A centaur comes into view.
You enter the shallow water.
Moving in this stuff is going to be slow.
The centaur shouts!
The centaur wields a shortbow.
The centaur shoots an arrow.
The arrow hits you!
The centaur shoots an arrow.
The arrow hits you.
You see here 2 arrows.
The centaur shoots an arrow.
The arrow completely misses you.
Casting: Flame Tongue (safe; 1% risk of failure)
Confirm with . or Enter, or press ? or * to list all spells.
You can't see any susceptible monsters within range! (Use Z to cast anyway.) Unknown command.
Casting: Flame Tongue (safe; 1% risk of failure)
Confirm with . or Enter, or press ? or * to list all spells.
You can't see any susceptible monsters within range! (Use Z to cast anyway.) Unknown command.
The centaur shoots an arrow.
The arrow hits you!
The centaur shoots an arrow.
The arrow hits you!
You die...

#..#...#≈≈#...#
..
#..≈###≈≈≈≈###≈.
# #...≈≈≈≈≈≈≈≈
... #...≈≈≈≈≈≈≈≈≈
.. ##.≈###≈≈≈≈###
#.#...#≈≈#..
##.#(⌠?#..#.⌠
##.##..#...# #
.......@###....#
##.###...........
#.c.######.#
#...# . #####


You could see a centaur.

Vanquished Creatures
  An orc warrior (D:4)
  A hound (D:4)
  2 orc wizards
  2 iguanas (D:4)
  A worker ant (D:4)
  4 adders
  3 oozes
  4 worms (D:2)
  4 leopard geckos
  8 orcs
  6 bats
  5 giant cockroaches
  7 goblins
  6 hobgoblins
  4 jackals (D:4)
  4 quokkas
  2 frilled lizards
  8 kobolds
  A quokka skeleton (D:5)
  4 rats
77 creatures vanquished.

Notes
Turn   | Place    | Note
-------+----------+-------------------------------------------
     0 | D:1      | delarado the Deep Elf Fire Elementalist began the quest for
                  | the Orb.
     0 | D:1      | Reached XP level 1. HP: 10/10 MP: 6/6
   198 | D:1      | Reached XP level 2. HP: 15/15 MP: 5/8
   786 | D:1      | Found a blossoming altar of Fedhas.
   788 | D:1      | Found a hazy altar of Hepliaklqana.
   788 | D:1      | Found a bloodstained altar of Trog.
   790 | D:1      | Found a basalt altar of Yredelemnul.
   790 | D:1      | Found a shimmering altar of Xom.
   790 | D:1      | Found an ornate altar of the Wu Jian Council.
  1037 | D:1      | Reached skill level 4 in Fire Magic
  1190 | D:2      | Reached XP level 3. HP: 19/19 MP: 5/9
  1582 | D:2      | Reached XP level 4. HP: 24/24 MP: 5/10
  1587 | D:2      | Learned a level 3 spell: Conjure Flame
  1949 | D:2      | Found a faded altar of an unknown god.
  3350 | D:4      | Reached skill level 5 in Fire Magic
  3443 | D:4      | Reached XP level 5. HP: 28/28 MP: 5/11
  3676 | D:4      | Noticed an orc warrior
  3687 | D:4      | Killed an orc warrior
  3687 | D:4      | Reached XP level 6. HP: 32/32 MP: 2/12
  3689 | D:4      | Reached skill level 5 in Conjurations
  3802 | D:4      | Reached skill level 6 in Fire Magic
  3830 | D:4      | Learned a level 4 spell: Sticky Flame
  3894 | D:4      | Found a large runed door.
  3899 | D:4      | Found a large runed door.
  3941 | D:4      | Found a radiant altar of Vehumet.
  3946 | D:4      | Became a worshipper of Vehumet
  3966 | D:4      | Noticed Eustachio
  4003 | D:4      | Found an opulent altar of Gozag.
  4003 | D:4      | Found a snail-covered altar of Cheibriados.
  4246 | D:4      | Noticed mimixer's ghost (novice MiGl)
  4280 | D:5      | Entered Level 5 of the Dungeon
  4432 | D:5      | Found a transporter.
  4435 | D:5      | Noticed buskinjo's ghost (novice OpSk)
  4436 | D:5      | Found a transporter.
  4486 | D:5      | Shot with an arrow by a centaur

Skill      XL: |  1  2  3  4  5  6 |
---------------+-------------------+-----
Conjurations   | 2 3 4 5 |  5.3
Fire Magic     | 4 5 6 |  6.2
Dodging        | |  2.4
Stealth        | |  2.4
Spellcasting   | |  3.0

Action                   |  1- 3 |  4- 6 || total
-------------------------+-------+-------++-------
Melee: Whip              |    10 |    47 ||    57
Throw: Stone             |    11 |    10 ||    21
 Cast: Flame Tongue      |    53 |    52 ||   105
       Conjure Flame     |       |     2 ||     2
  Use: Scroll            |     3 |     6 ||     9
 Stab: Sleeping          |       |     3 ||     3
  Eat: Chunk             |     2 |     4 ||     6
       Ration            |       |     2 ||     2
Armor: Robe              |     1 |     8 ||     9
Dodge: Dodged            |    17 |    29 ||    46
